 Dungeon Crawl Stone Soup version 0.32-a0-612-g1c984fe9d1 (webtiles) character file.

Game seed: 15392165941598544103

2347 ezpacito the Chopper (level 9, -8/37 (62) HPs)
             Began as a Coglin Chaos Knight on Mar 4, 2024.
             Was a Plaything of Xom.
             Killed by divine providence
             ... invoked by Jeremiah
              (14 damage)
             ... on level 6 of the Dungeon.
             The game lasted 00:11:49 (6073 turns).

ezpacito the Chopper (Coglin Chaos Knight)          Turns: 6073, Time: 00:11:49

HP:   -8/37 (62)    AC: 17    Str: 16    XL:     9   Next: 43%
MP:   12/12         EV:  9    Int: 15    God:    Xom [..*...]
Gold: 304           SH:  0    Dex: 14    Spells: 5/13 levels left

rFire   + . .        r - +2 trident (heavy) {Elena}
rCold   . . .        a - +3 hand axe (chaos) {Jia}
rNeg    . . .        o - +0 chain mail
rPois   .            w - +2 helmet {Int+3}
rElec   .            s - +0 cloak
rCorr   .            k - +0 pair of gloves
SInv    .            i - +1 pair of boots
Will    .....        (amulet unavailable) Stlth
                     (ring unavailable)
HPRegen 0.00/turn    (ring unavailable)
MPRegen 0.13/turn    (no gizmo)

%: no passive effects
@: inhibited regen, very heavily drained, revving
A: off-hand wielding, slow wielding, warmup strikes, no jewellery, fire
resistance 1, frail 1, inhibited regeneration, subdued magic 1
a: Invent Gizmo, Renounce Religion


You were on level 6 of the Dungeon.
You worshipped Xom.
You were a toy of Xom.
You visited 2 branches of the dungeon, and saw 7 of its levels.
You also visited: Sewer.

You collected 304 gold pieces.

Inventory:

Hand Weapons
 a - a +3 hand axe of chaos (offhand) {Jia}
 j - a +0 battleaxe
 l - a +2 vampiric spear {Salvador}
 r - a +2 heavy trident (weapon) {Elena}
Missiles
 g - a boomerang (quivered)
 h - a curare-tipped dart
 u - 15 poisoned darts
Armour
 i - a +1 pair of boots (worn)
 k - a +0 pair of gloves (worn)
 o - a +0 chain mail (worn)
 s - a +0 cloak (worn)
 w - a +2 helmet of intelligence (worn)
 A - a +0 plate armour
Magical Staves
 d - a staff of air
Talismans
 p - a maw talisman
Scrolls
 b - a scroll of fear {unknown}
 c - 2 scrolls of enchant armour
 f - a scroll of immolation
 m - 2 scrolls of noise
 n - a scroll of torment {unknown}
 t - a scroll of teleportation
 z - 2 scrolls of amnesia {unknown}
Potions
 e - a potion of attraction
 x - a potion of brilliance
 y - a potion of enlightenment


   Skills:
 * Level 5.8 Fighting
 * Level 6.0(6.4) Axes
 + Level 3.1(4.7) Polearms
 * Level 5.0 Armour
 * Level 4.5 Dodging
 + Level 2.9 Stealth
 + Level 2.5 Spellcasting
 * Level 3.4 Evocations


You had 5 spell levels left.
You knew the following spells:

 Your Spells              Type           Power      Damage    Failure   Level
a - Ensorcelled Hibernat  Hex/Ice        2%         N/A       97%         2
s - Swiftness             Air            1%         N/A       99%         3
w - Passwall              Erth           1%         N/A       99%         3

Your spell library contained the following spells:

 Spells                   Type           Power      Damage    Failure   Level


Dungeon Overview and Level Annotations

Branches:
Dungeon (6/15)             Temple (1/1) D:6           Sewer (visited)

Altars:
Ashenzari
Cheibriados
Dithmenos
Elyvilon
Fedhas
Gozag
Hepliaklqana
Kikubaaqudgha
Makhleb
Nemelex Xobeh
Okawaru
Qazlal
Ru
Sif Muna
Trog
Uskayaw
Vehumet
Wu Jian
Xom
Yredelemnul
Zin
The Shining One

Annotations:
D:6 Jeremiah


Innate Abilities, Weirdness & Mutations

You can wield a second weapon in your off-hand.
It takes a long time for you to wield or remove held weapons.
Your first few attacks do less damage.
You cannot equip rings or amulets.
Your flesh is heat resistant. (rF+)
You are frail. (-10% HP)
You do not regenerate when monsters are visible.
Your spells are a little easier to cast, but a little less powerful.


Message History

Your quasit claws Jeremiah but does no damage. x2
Jeremiah closely misses your quasit.
Your crimson imp misses the butterfly.
Your quasit closely misses Jeremiah.
Your quasit claws Jeremiah but does no damage. x2
Your quasit bites Jeremiah but does no damage.
Your quasit barely misses Jeremiah.
Your quasit claws Jeremiah.
Your crimson imp blinks!
Jeremiah closely misses your quasit.
The butterfly disappears in a burst of colours!
Your quasit barely misses Jeremiah.
Your quasit closely misses Jeremiah.
Your quasit barely misses Jeremiah.
Your quasit closely misses Jeremiah.
Your quasit claws Jeremiah but does no damage.
Your quasit barely misses Jeremiah.
Jeremiah closely misses your quasit.
The butterfly disappears in a burst of colours!
Your quasit bites Jeremiah.
Your quasit claws Jeremiah but does no damage.
Your quasit claws Jeremiah.
Your quasit misses Jeremiah.
Your quasit claws Jeremiah but does no damage.
Your quasit claws Jeremiah.
Your quasit bites Jeremiah.
Your quasit claws Jeremiah but does no damage.
Your quasit misses Jeremiah.
Your quasit closely misses Jeremiah. x2
Your quasit misses Jeremiah. Jeremiah completely misses your quasit.
Your quasit bites the butterfly.
The butterfly dies!
The butterfly disappears in a burst of colours!
Your quasit bites Jeremiah but does no damage.
Your quasit closely misses Jeremiah. x2
The butterfly disappears in a burst of colours!
Jeremiah trails rainbows from their fingertips.
Jeremiah hops!
Reach: r) +2 trident (heavy) {Elena}
Press: ? - help, Dir - move target, f/p - Jeremiah
Aim: Jeremiah, wielding a +4 trident of draining, wearing a +0 robe and wearing an orb of mayhem (heavily wounded, about 42% to evade your +2 heavy trident)
You reach to attack!
You puncture Jeremiah with your +2 heavy trident!
The butterfly disappears in a burst of colours!
Jeremiah lets out a twisted cry.
Something smites you!
You die...
Jeremiah asks, "Is it over?
Can I wake up now?"

.#......<[....[.)....<....#......
...>##.....#......)(....###+###..
.#......####...##.).)...#.....#..
................#[..)...#.###.#..
.................[....#.'.#>#.+..
....÷...................#.#'#.#.#
.....###..............###.....#.#
.....###....##........# ###'###..
......#...#.#...@)....###.......#
.##......##......bb..........#..#
.........###....##F....#.....#...
..._.............#...........#...
......................b..........
.##...........................#..
##...#.......................##..
#.....##........b....○.#b...#...
##........[.........5F..##.......


You could see Jeremiah.

Vanquished Creatures
  Grinder (D:6)
  Sigmund (D:6)
  A wyvern (D:6)
  Pargi (Sewer)
  A sky beast (D:6)
  An orc warrior (D:6)
  A centaur (D:5)
  A kobold brigand (D:6)
  5 wights
  2 howler monkeys (D:5)
  6 hounds
  3 jellies
  A bombardier beetle (D:5)
  Crazy Yiuf (D:2)
  An orc priest (D:6)
  3 gnoll boudas
  2 iguanas
  Natasha (thrice) (D:4)
  2 orc wizards
  Robin (D:4)
  11 adders
  17 gnolls
  3 river rats (D:5)
  2 shadow imps
  2 ufetubi (D:5)
  4 dart slugs
  A ribbon worm (D:3)
  12 orcs
  8 ball pythons
  4 bats
  9 endoplasms
  5 giant cockroaches
  18 goblins
  10 hobgoblins
  10 jackals
  13 kobolds
  A quokka (D:1)
  2 frilled lizards (D:3)
  11 rats
181 creatures vanquished.

Vanquished Creatures (others)
  A kobold (D:3)
1 creature vanquished.

Grand Total: 182 creatures vanquished

Notes
Turn   | Place    | Note
-------+----------+-------------------------------------------
     0 | D:1      | ezpacito the Coglin Chaos Knight began the quest for the
                  | Orb.
     0 | D:1      | Reached XP level 1. HP: 18/18 MP: 1/1
    20 | D:1      | Reached skill level 1 in Dodging
    63 | D:1      | Reached XP level 2. HP: 24/24 MP: 2/2
   371 | D:1      | XOM: divination: magic mapping
   425 | D:1      | Reached XP level 3. HP: 29/29 MP: 3/3
   709 | D:2      | XOM: 1-stop teleportation journey
   994 | D:2      | Found a faded altar of an unknown god.
  1100 | D:2      | Reached XP level 4. HP: 32/35 MP: 4/4
  1123 | D:2      | Found a runed translucent door.
  1124 | D:2      | Noticed Crazy Yiuf
  1456 | D:2      | XOM: give mutations
  1456 | D:2      | Gained mutation: Your mind is acute. (Int +4, Str/Dex -1)
                  | [Xom's mischief]
  1456 | D:2      | Gained mutation: Your spells are a little easier to cast,
                  | but a little less powerful. [Xom's mischief]
  1456 | D:2      | Lost mutation: Your mind is acute. (Int +4, Str/Dex -1)
                  | [Xom's mischief]
  1691 | D:2      | Killed Crazy Yiuf
  1856 | D:3      | XOM: summons friendly white imp
  1864 | D:2      | Reached XP level 5. HP: 17/41 MP: 4/6
  1961 | D:2      | Reached skill level 1 in Polearms
  2032 | D:3      | XOM: polymorph rat -> kobold
  2035 | D:2      | XOM: confusion
  2048 | D:2      | Reached skill level 1 in Stealth
  2080 | D:2      | XOM: give mutations
  2080 | D:2      | Gained mutation: Your flesh is heat resistant. (rF+) [Xom's
                  | mischief]
  2080 | D:2      | Gained mutation: You are frail. (-10% HP) [Xom's mischief]
  2080 | D:2      | Gained mutation: You do not regenerate when monsters are
                  | visible. [Xom's mischief]
  2110 | D:3      | Reached skill level 1 in Spellcasting
  2167 | D:3      | XOM: draining
  2438 | D:3      | Reached XP level 6. HP: 34/38 MP: 7/7
  3071 | D:4      | Reached skill level 4 in Axes
  3198 | D:4      | Noticed Robin
  3211 | D:4      | Killed Robin
  3462 | D:4      | Noticed Natasha
  3466 | D:4      | Killed Natasha
  3466 | D:4      | XOM: stat loss: -1 Str (12/14)
  3540 | D:4      | Reached XP level 7. HP: 43/48 MP: 8/8
  3628 | D:4      | Noticed Natasha
  3634 | D:4      | Killed Natasha
  3659 | D:4      | Noticed Natasha
  3664 | D:4      | Killed Natasha
  3747 | D:5      | Entered Level 5 of the Dungeon
  3771 | D:5      | Found a glowing drain.
  3789 | D:5      | XOM: smoke on damage
  3908 | Sewer    | Entered a sewer
  4005 | Sewer    | Noticed Pargi
  4012 | Sewer    | XOM: cast spell 'Fugue of the Fallen'
  4014 | Sewer    | Killed Pargi
  4015 | Sewer    | Reached XP level 8. HP: 53/54 MP: 10/10
  4088 | Sewer    | Learned a level 2 spell: Ensorcelled Hibernation
  4092 | Sewer    | Learned a level 3 spell: Passwall
  4096 | Sewer    | Learned a level 3 spell: Swiftness
  4301 | D:5      | XOM: enchant monster (bad)
  4422 | D:5      | Reached skill level 5 in Axes
  4452 | D:5      | XOM: 3-stop teleportation journey
  4735 | D:5      | XOM: confuse monster(s)
  4854 | D:5      | XOM: divination: detect creatures
  4874 | D:6      | Reached skill level 5 in Fighting
  5009 | D:6      | XOM: confuse monster(s)
  5049 | D:6      | Reached skill level 1 in Evocations
  5064 | D:6      | Xom revived you
  5071 | D:6      | HP: 4/82 [poisoned by a kobold brigand]
  5330 | D:6      | Found an opulent altar of Gozag.
  5369 | D:6      | Noticed Sigmund
  5373 | D:6      | Killed Sigmund
  5374 | D:6      | Reached XP level 9. HP: 59/61 MP: 12/12
  5414 | D:6      | Noticed Grinder
  5424 | D:6      | Paralysed by Grinder for 4 turns
  5429 | D:6      | Killed Grinder
  5435 | D:6      | XOM: enchant monster (bad)
  5511 | D:6      | Reached skill level 5 in Armour
  5760 | D:6      | Found an iron altar of Okawaru.
  5851 | D:6      | Reached skill level 6 in Axes
  5851 | D:6      | Noticed Jeremiah
  5855 | D:6      | XOM: potion effect (brilliance)
  5882 | D:6      | XOM: enchant monster (good)
  6030 | D:6      | Found a staircase to the Ecumenical Temple.
  6040 | Temple   | Entered the Ecumenical Temple
  6054 | D:6      | XOM: summons 3 friendly demons
  6073 | D:6      | Killed from afar by Jeremiah

Illustrated notes

Levels and vault maps discovered:
D:1:      dpeg_arrival_ratfight, layout_loops_cross
D:2:      layout_basic, nicolae_ecumenical_lake_church, uniq_crazy_yiuf_cottage
D:3:      minmay_door_path, layout_loops_ring
D:4:      layout_basic, st_stairs_14, corner_web_ring, minmay_close_crescents,
          uniq_natasha, uniq_robin
D:5:      layout_cave_pods, portal_sewer_entry_b
D:6:      layout_cave_pools, okawaru_trees_1, nicolae_gozag_seed_capital,
          minmay_temple_entry_glassed_door, kennysheep_generic_room_7,
          uniq_grinder, uniq_jeremiah, uniq_sigmund
Temple:   mainiacjoe_temple_big_plus

Skill      XL: |  1  2  3  4  5  6  7  8  9 |
---------------+----------------------------+-----
Dodging        | 1 2 3 4 |  4.5
Armour         | 2 3 4 5 |  5.0
Polearms       | 1 2 3 |  3.1
Stealth        | 1 2 |  2.9
Spellcasting   | 1 2 |  2.5
Axes           | 4 5 6 |  6.0
Fighting       | 4 5 |  5.8
Evocations     | 2 3 |  3.4

Action                     |  1- 3 |  4- 6 |  7- 9 || total
---------------------------+-------+-------+-------++-------
  Melee: Dagger            |    69 |    18 |       ||    87
         Hand axe          |    69 |   128 |   137 ||   334
         Spear             |       |   111 |       ||   111
         Trident           |       |     8 |   175 ||   183
    Use: Potion            |       |     7 |     8 ||    15
         Scroll            |       |    10 |    11 ||    21
   Stab: Sleeping          |     3 |       |       ||     3
         Distracted        |     1 |       |       ||     1
         Confused          |       |     2 |       ||     2
         Invisible         |       |     4 |       ||     4
 Armour: Leather armour    |    36 |    37 |       ||    73
         Chain mail        |       |    65 |   200 ||   265
         Skin              |       |       |     2 ||     2
  Dodge: Dodged            |    39 |    67 |   106 ||   212

Table legend: (Time is in decaauts)
 A = Elapsed time spent in this place.
 B = Non-inter-level travel time spent in this place.
 C = Inter-level travel time spent in this place.
 D = Time resting spent in this place.
 E = Time spent auto-exploring this place.
 F = Levels seen in this place.
 G = Mean time per level.
                   A        B        C        D        E       F      G
               +--------+--------+--------+--------+--------+-----+--------+
         Total |   6156 |   5894 |    262 |    662 |   3786 |   8 |  769.5 |
       Dungeon |   5953 |   5691 |    262 |    662 |   3685 |   6 |  992.2 |
        Temple |      1 |      1 |      0 |      0 |      0 |   1 |    1.0 |
         Sewer |    201 |    201 |      0 |      0 |    101 |   1 |  201.0 |
               +--------+--------+--------+--------+--------+-----+--------+

Top non-repeatable levels by time:
     D:5: 1388 daAuts
     D:2: 1351 daAuts
     D:3: 904 daAuts
     D:6: 808 daAuts
     D:4: 758 daAuts
     D:1: 742 daAuts
   Sewer: 201 daAuts
  Temple: 1 daAuts
